 Dungeon Crawl Stone Soup version 0.30-a0-475-g03497ec522 (webtiles) character file.

Game seed: 5972402172921584726

319 bande the Chopper (level 6, -1/39 HPs)
             Began as a Gargoyle Fighter on Dec 20, 2022.
             Slain by Edmund
             ... wielding a +4 flail of protection
              (7 damage)
             ... on level 4 of the Dungeon.
             The game lasted 00:03:57 (2599 turns).

bande the Chopper (Gargoyle Fighter)                Turns: 2599, Time: 00:03:58

Health: -1/39      AC: 13    Str: 25    XL:     6   Next: 46%
Magic:  6/6        EV:  7    Int:  9    God:
Gold:   82         SH:  4    Dex: 11    Spells: 5/5 levels left

rFire   . . .      SeeInvis .    a - +0 war axe
rCold   . . .      Faith    .    c - +0 buckler
rNeg    + . .      Spirit   .    j - +0 chain mail
rPois   ∞          Reflect  .    (no helmet)
rElec   +          Harm     .    (no cloak)
rCorr   .          Rampage  .    (no gloves)
Will    .....                    (no boots)
Stlth   ..........               (no amulet)
HPRegen 0.26/turn                g - +6 ring of strength
MPRegen 0.10/turn                (no ring)

@: no status effects
A: sickness immunity, AC +4, negative energy resistance 1, electricity
resistance, torment resistance 1, petrification resistance
a: no special abilities


You were on level 4 of the Dungeon.
You visited 1 branch of the dungeon, and saw 4 of its levels.

You collected 82 gold pieces.

Inventory:

Hand Weapons
 a - a +0 war axe (weapon)
 n - a +0 war axe
Missiles
 o - a boomerang of dispersal (quivered)
Armour
 c - a +0 buckler (worn)
 j - a +0 chain mail (worn)
Jewellery
 g - a +6 ring of strength (left hand)
Scrolls
 b - a scroll of teleportation
 e - a scroll of fog {unknown}
 f - 3 scrolls of identify
Potions
 d - a potion of might
 h - 2 potions of cancellation
 l - a potion of resistance
 m - 2 potions of heal wounds


   Skills:
 + Level 4.5 Fighting
 + Level 4.6 Axes
 + Level 4.2 Armour
 + Level 3.8 Shields


You had 5 spell levels left.
You didn't know any spells.
Your spell library contained the following spells:

 Spells                   Type           Power      Damage    Failure   Level
 Necrotise                Necr           0%         1d4       98%         1
 Ensorcelled Hibernation  Hex/Ice        0%         N/A       99%         2
 Passwall                 Tmut/Erth      0%         N/A       99%         2
 Swiftness                Air            0%         N/A       100%        3
 Vampiric Draining        Necr           0%         2d6       100%        3
 Agony                    Necr           0%         N/A       100%        5


Dungeon Overview and Level Annotations

Branches:
Dungeon (4/15)
 Temple: D:4-7

Altars:
Vehumet

Shops:
D:1 *   D:3 (

Annotations:
D:4 Edmund


Innate Abilities, Weirdness & Mutations

You are immune to sickness and miasma.
Your stone body is resilient. (AC +4)
You are immune to poison.
You resist negative energy. (rN+)
You are resistant to electric shocks. (rElec)
You are resistant to unholy torment.
You are immune to petrification.


Message History

Edmund is heavily wounded.
Edmund hits you with a +4 flail of protection! x2
You hit Edmund.
Edmund is heavily wounded.
You block Edmund's attack.
You closely miss Edmund.
Edmund is heavily wounded.
You block Edmund's attack.
You closely miss Edmund.
Edmund is heavily wounded.
Edmund barely misses you.
Edmund hits you with a +4 flail of protection.
You slash Edmund!
Edmund is severely wounded.
Edmund hits you with a +4 flail of protection!
You closely miss Edmund.
Edmund is severely wounded.
Edmund hits you with a +4 flail of protection.
You hit Edmund but do no damage.
Edmund is severely wounded.
Edmund hits you with a +4 flail of protection.
Edmund hits you with a +4 flail of protection!
* * * LOW HITPOINT WARNING * * *
You hit Edmund but do no damage.
Edmund is severely wounded.
You block Edmund's attack.
You hit Edmund.
Edmund is almost dead.
Edmund hits you but does no damage.
You feel much better.
Edmund hits you with a +4 flail of protection!
You barely miss Edmund.
Edmund is almost dead.
Edmund hits you with a +4 flail of protection!
* * * LOW HITPOINT WARNING * * *
Edmund hits you but does no damage.
You hit Edmund but do no damage.
Edmund is almost dead.
Edmund hits you with a +4 flail of protection!
You die...

#......)#####..#
#.......# #...# #
#.......# #..†. #. ##
#.....))# #..##. #.##.
#.......###..... #....
#.......##...##. ...
#..........#.##.
###.##.####'#'#......###
......@@....#...###?.#
#####.#######...# #..# #
....#.#.###..# #
#..........# # #
####..)..###.## # #
............<#### #
##.............. ###.
......##....#####
.......... ####........#
#


You could see Edmund.

Vanquished Creatures
  An ice beast (D:4)
  The ghost of dornbeast the Cutter, a weakling DrRe (D:3)
  A jelly (D:4)
  A gnoll (D:1)
  7 adders
  A dart slug (D:1)
  8 orcs
  6 ball pythons
  9 endoplasms
  3 giant cockroaches
  5 goblins
  5 hobgoblins
  3 jackals (D:1)
  3 quokkas
  5 bats
  4 kobolds
  12 rats
75 creatures vanquished.

Vanquished Creatures (others)
  An endoplasm (D:3)
  A frilled lizard (D:3)
  A plant (D:2)
  2 withered plants (D:3)
5 creatures vanquished.

Grand Total: 80 creatures vanquished

Notes
Turn   | Place    | Note
-------+----------+-------------------------------------------
     0 | D:1      | bande the Gargoyle Fighter began the quest for the Orb.
     0 | D:1      | Reached XP level 1. HP: 14/14 MP: 1/1
   117 | D:1      | Reached XP level 2. HP: 19/19 MP: 2/2
   281 | D:1      | Reached XP level 3. HP: 17/24 MP: 3/3
   446 | D:1      | Found Ybrayph's Assorted Antiques.
   764 | D:2      | Reached XP level 4. HP: 24/29 MP: 4/4
  1438 | D:3      | Found Cyedwar's Weapon Boutique.
  1576 | D:3      | Reached XP level 5. HP: 21/33 MP: 5/5
  1741 | D:3      | Found a radiant altar of Vehumet.
  1891 | D:3      | Found a runed translucent door.
  1892 | D:3      | Noticed dornbeast's ghost (weakling DrRe)
  2204 | D:3      | Killed dornbeast's ghost
  2250 | D:4      | Noticed an ice beast
  2262 | D:4      | Killed an ice beast
  2263 | D:4      | Reached XP level 6. HP: 20/39 MP: 6/6
  2573 | D:4      | Noticed Edmund
  2599 | D:4      | Slain by Edmund

Illustrated notes

Levels and vault maps discovered:
D:1:      sevenhm_arrival_forest_fort_large_2, layout_rooms, serial_shops, shop
D:2:      cheibrodos_old_hovel, layout_basic, minmay_shallow_snake_nest
D:3:      layout_basic, fiery_altar_vehumet, gammafunk_ghost_grave,
          serial_shops, nicolae_shop_bloodbath_and_beyond
D:4:      layout_basic, corexii_corridor_pit, uniq_edmund, uniq_eustachio

Skill      XL: |  1  2  3  4  5 |
---------------+----------------+-----
Axes           | 2 3 4 |  4.6
Fighting       | 4 |  4.5
Armour         | 4 |  4.2
Shields        | |  3.8

Action                   |  1- 3 |  4- 6 || total
-------------------------+-------+-------++-------
Melee: War axe           |    89 |   111 ||   200
  Use: Scroll            |       |     8 ||     8
       Potion            |       |     2 ||     2
Armor: Scale mail        |    57 |       ||    57
       Chain mail        |       |    58 ||    58
Dodge: Dodged            |    44 |    36 ||    80
Block: Buckler           |    20 |    19 ||    39

Table legend: (Time is in decaauts)
 A = Elapsed time spent in this place.
 B = Non-inter-level travel time spent in this place.
 C = Inter-level travel time spent in this place.
 D = Time resting spent in this place.
 E = Time spent auto-exploring this place.
 F = Levels seen in this place.
 G = Mean time per level.
                   A        B        C        D        E       F      G
               +--------+--------+--------+--------+--------+-----+--------+
         Total |   2675 |   2563 |    112 |     63 |   1954 |   4 |  668.8 |
       Dungeon |   2675 |   2563 |    112 |     63 |   1954 |   4 |  668.8 |
               +--------+--------+--------+--------+--------+-----+--------+

Top non-repeatable levels by time:
     D:3: 940 daAuts
     D:2: 723 daAuts
     D:1: 708 daAuts
     D:4: 303 daAuts
